Map: [ESL] Stargazers

Players

SpeCial - Winner!

  • Race: Terran Terran
  • Spawn Location: 1:00

LiquidClem (Clem)

  • Race: Terran Terran
  • Spawn Location: 11:00

Event: TSL 9

VOD

Have the link to the VOD?

Description

Time

  • Played on: Aug. 6, 2022, 11:50 a.m.
  • Length: 8:22

All games in this series

Show
View Real Time Build Order
Export as new Build Order

SpeCial Terran - Winner!

Build Orders: Gas First Reaper Expand, Mech 

Get SALT Encoding   

  12  0:01  SCV  
  13  0:13  SCV  
  14  0:18  Supply Depot  
  14  0:25  SCV  
  15  0:29  Refinery  
  15  0:39  SCV  
  16  0:45  Barracks  
  16  0:51  SCV  
  17  1:03  SCV  
  18  1:16  SCV  
  19  1:32  Reaper, Orbital Command  
  20  1:41  Command Center  
  20  1:53  Factory  
  20  1:58  SCV  
  21  2:04  Supply Depot  
  21  2:06  Marine  
  22  2:10  SCV  
  23  2:17  Refinery  
  23  2:25  Marine  
  23  2:26  SCV  
  25  2:38  Hellion, SCV  
  25  2:40  Starport  
  25  2:44  Marine  
  28  2:50  SCV  
  30  3:02  SCV  
  30  3:04  Barracks Tech Lab  
  30  3:05  Hellion, Orbital Command  
  33  3:08  Refinery  
  32  3:19  SCV  
  33  3:26  Widow Mine  
  35  3:29  Raven  
  35  3:31  SCV x2, Barracks Tech Lab  
  39  3:43  SCV x2  
  41  3:54  Cyclone  
  41  3:55  SCV  
  45  3:57  Barracks Reactor  
  45  3:59  SCV  
  46  4:03  Supply Depot  
  46  4:07  Command Center  
  46  4:12  SCV x2  
  46  4:15  Raven  
  49  4:24  SCV  
  49  4:25  SCV  
  49  4:31  Siege Tank  
  52  4:36  SCV  
  52  4:37  SCV  
  52  4:42  Marine x2  
  53  4:48  SCV  
  53  4:49  SCV  
  55  4:55  Supply Depot  
  55  4:58  Raven  
  55  4:59  Marine x2  
  57  5:00  SCV  
  57  5:01  SCV  
  61  5:12  SCV  
  62  5:17  SCV, Siege Tank, Marine x2  
  62  5:18  Supply Depot  
  68  5:24  Refinery  
  68  5:25  SCV  
  69  5:29  SCV  
  69  5:34  Engineering Bay  
  70  5:37  SCV, Orbital Command  
  70  5:41  SCV  
  72  5:49  SCV  
  73  5:50  Orbital Command  
  73  5:52  Viking x2, Siege Tank  
  73  5:53  SCV  
  73  5:54  Marine  
  80  6:01  SCV  
  81  6:05  SCV  
  82  6:13  SCV  
  82  6:17  SCV  
  84  6:20  SCV  
  84  6:22  Viking x2  
  84  6:24  Siege Tank  
  84  6:25  SCV  
  92  6:29  SCV  
  93  6:33  Supply Depot  
  93  6:42  SCV x2  
  93  6:45  SCV  
  94  6:54  SCV  
  94  6:56  Viking x2  
  94  6:57  Siege Tank  
  94  6:58  Missile Turret  
  102  7:02  Factory  
  102  7:03  SCV x2  
  104  7:08  Factory  
  104  7:10  SCV  
  104  7:13  Missile Turret  
  104  7:14  Refinery  
  104  7:15  Refinery, SCV x2  
  107  7:16  Barracks Reactor  
  107  7:17  Orbital Command  
  107  7:22  SCV  
  108  7:26  Supply Depot  
  108  7:27  Supply Depot, SCV  
  108  7:28  Supply Depot  
  109  7:35  SCV  
  109  7:47  Viking x2, Siege Tank, SCV  
  109  7:49  SCV x2  
  117  7:59  SCV  
  117  8:01  SCV x2  
Show
View Real Time Build Order
Export as new Build Order

LiquidClem Terran 

Build Orders:  

Get SALT Encoding   

  12  0:00  SCV  
  13  0:12  SCV  
  14  0:17  Supply Depot  
  14  0:24  SCV  
  15  0:38  SCV  
  15  0:39  Barracks  
  16  0:43  Refinery  
  16  0:50  SCV  
  16  0:52  Refinery  
  17  1:02  SCV  
  18  1:15  SCV  
  19  1:26  Reaper  
  19  1:27  Orbital Command  
  19  1:29  Supply Depot  
  20  1:42  Factory  
  20  1:54  SCV  
  21  1:59  Reaper  
  22  2:06  SCV  
  23  2:18  SCV  
  24  2:23  Command Center  
  24  2:28  Hellion  
  26  2:33  SCV  
  27  2:39  Barracks Reactor  
  26  2:44  Starport  
  26  2:45  SCV  
  27  2:52  Hellion  
  27  2:57  Supply Depot, SCV  
  30  3:09  SCV  
  31  3:15  Factory Tech Lab  
  31  3:19  Marine x2  
  33  3:20  Medivac  
  33  3:21  SCV  
  36  3:30  Refinery  
  36  3:33  SCV  
  37  3:35  Cyclone  
  37  3:39  Orbital Command  
  40  3:41  Marine  
  40  3:43  Marine  
  40  3:46  SCV  
  43  3:51  Starport Tech Lab  
  43  3:58  SCV  
  43  4:00  Supply Depot  
  43  4:02  Marine x2  
  46  4:05  SCV  
  47  4:10  SCV  
  47  4:11  Raven  
  50  4:17  SCV  
  50  4:20  Cyclone  
  54  4:25  SCV  
  54  4:28  Supply Depot  
  54  4:29  SCV  
  54  4:31  Marine x2  
  54  4:37  SCV  
  55  4:43  SCV  
  56  4:49  SCV  
  56  4:51  Marine  
  56  4:52  Marine  
  59  4:56  Raven  
  59  4:57  Command Center  
  59  4:59  SCV  
  62  5:02  Siege Tank  
  62  5:06  Supply Depot  
  65  5:07  SCV  
  65  5:11  SCV  
  67  5:15  Refinery  
  67  5:19  SCV  
  68  5:23  SCV, Marine  
  68  5:25  Supply Depot  
  68  5:27  Marine  
  71  5:29  Supply Depot  
  71  5:31  SCV  
  71  5:35  SCV  
  73  5:36  Siege Tank  
  73  5:40  Raven  
  73  5:42  Supply Depot  
  78  5:46  Marine x2  
  78  5:47  SCV  
  78  5:48  Supply Depot  
  81  5:50  SCV  
  82  5:59  SCV  
  82  6:03  SCV  
  82  6:05  Barracks x2  
  82  6:08  Siege Tank  
  82  6:10  Orbital Command  
  83  6:12  SCV  
  83  6:15  SCV  
  85  6:22  Engineering Bay, Orbital Command  
  85  6:23  Engineering Bay  
  87  6:30  SCV  
  86  6:34  SCV  
  84  6:42  SCV, Marine, Refinery  
  84  6:43  Refinery, Siege Tank  
  84  6:46  SCV  
  90  6:52  SCV  
  91  6:54  SCV  
  91  6:58  Barracks Reactor x2  
  91  7:00  SCV  
  93  7:02  Viking, Marine  
  93  7:06  SCV  
  93  7:07  SCV  
  98  7:09  Viking  
  98  7:12  Supply Depot  
  98  7:13  SCV  
  101  7:18  SCV  
  101  7:19  SCV  
  101  7:21  Siege Tank  
  101  7:22  Marine  
  107  7:25  SCV  
  108  7:30  SCV  
  108  7:31  SCV  
  108  7:34  Marine x2  
  108  7:35  Marine x2  
  114  7:37  Medivac  
  114  7:38  SCV  
  114  7:39  Medivac  
  114  7:42  Command Center  
  119  7:45  Supply Depot  
  119  7:50  Supply Depot, SCV, Marine  
  121  7:52  Marine  
  125  8:04  Marine  
Tags
 
Composition
Mech
Event
TSL 9
Matchup
TvT
Race
Terran
Spawn Locations
Close Positions
Add a new tag
Caveats
  • Supply blocks, unpowered buildings, or Contaminate may cause inaccurate times.
  • Supply counts are checked every 10 seconds.